 Dungeon Crawl Stone Soup version 0.30-a0-924-g0ad0bf95bc (webtiles) character file.

Game seed: 17939489136398152349

130525 retardedninja the Tortoise (level 16, -7/122 HPs)
             Began as an Armataur Fighter on Mar 22, 2023.
             Was the Champion of Hepliaklqana.
             Killed by divine providence
             ... invoked by a meliai
              (12 damage)
             ... on level 15 of the Dungeon.
             The game lasted 00:45:17 (31037 turns).

retardedninja the Tortoise (Armataur Fighter)      Turns: 31037, Time: 00:45:18

Health: -7/122     AC: 36    Str: 35    XL:     16   Next: 23%
Magic:  16/16      EV:  5    Int: 12    God:    Hepliaklqana [******]
Gold:   1422       SH: 14    Dex: 17    Spells: 15/15 levels left

rFire   + . .      SeeInvis .    K - +8 trishula "Condemnation" {holy, anguish, *Noise Fly rN+}
rCold   + . .      Faith    .    g - +0 kite shield {reflect}
rNeg    + . .      Spirit   .    u - +11 gold dragon scales of the Quiescent Worm {Rampage *Slow rPois rF+ rC+ Dex+7 Stlth+}
rPois   +          Reflect  +    P - +0 helmet
rElec   .          Roll     +    b - +2 cloak {Stlth+}
rCorr   +                        x - +0 pair of gloves
Will    +....                    (no barding) Stlth
                                 h - amulet of regeneration
HPRegen 1.20/turn                o - +6 ring of strength
MPRegen 0.15/turn                C - ring "Ille" {rCorr Int+3 Slay+2 Stlth+}

@: flying
A: reduced essence, large, rugged brown scales 3, deformed body, armoured tail,
roll, long tongue, awkward tongue, frail 1
}: 1/15 runes: decaying
a: Renounce Religion, Recall Ancestor, Ancestor Identity, Transference, Idealise


You were on level 15 of the Dungeon.
You worshipped Hepliaklqana.
Hepliaklqana was exalted by your worship.
You visited 5 branches of the dungeon, and saw 27 of its levels.
You also visited: Sewer and Gauntlet.

You collected 4198 gold pieces.
You spent 2776 gold pieces at shops.

Inventory:

Hand Weapons
 K - the +8 trishula "Condemnation" (weapon) {holy, anguish, *Noise Fly rN+}
   (You bought it in a shop on level 1 of the Orcish Mines)

   rN:        It protects you from negative energy.
   Fly:       It grants you flight.
   *Noise:    It may make noises in combat.
Missiles
 i - 4 silver javelins
 l - 3 silver boomerangs (quivered)
Armour
 b - a +2 cloak of stealth (worn)
 g - a +0 kite shield of reflection (worn)
 u - the +11 gold dragon scales of the Quiescent Worm (worn) {Rampage *Slow rPois rF+ rC+ Dex+7 Stlth+}
   (You bought it in a shop on level 8 of the Dungeon)

   Dex:       It affects your dexterity (+7).
   rF:        It protects you from fire.
   rC:        It protects you from cold.
   rPois:     It protects you from poison.
   *Slow:     It may slow you when you take damage.
   Rampage:   It bestows one free step when moving towards enemies.
   Stlth:     It makes you more stealthy.
 x - a +0 pair of gloves (worn)
 P - a +0 helmet (worn)
Jewellery
 h - an amulet of regeneration (around neck)
 o - a +6 ring of strength (left hand)
 q - a +6 ring of strength
 s - a ring of see invisible
 C - the ring "Ille" (right hand) {rCorr Int+3 Slay+2 Stlth+}
   (You found it on level 5 of the Dungeon)

   [ring of resist corrosion]

   Int:       It affects your intelligence (+3).
   Slay:      It affects your accuracy & damage with ranged weapons and melee
   (+2).
   rCorr:     It protects you from acid and corrosion.
   Stlth:     It makes you more stealthy.
Wands
 a - a wand of paralysis (22)
 w - a wand of flame (32)
 y - a wand of quicksilver (4)
 E - a wand of polymorph (9)
 N - a wand of digging (10)
 Q - a wand of iceblast (37)
Scrolls
 d - a scroll of amnesia
 e - 2 scrolls of fear
 m - a scroll of vulnerability
 r - 10 scrolls of teleportation
 D - 4 scrolls of blinking
 F - 3 scrolls of silence
 H - 2 scrolls of magic mapping
 I - a scroll of enchant weapon
 L - a scroll of butterflies {unknown}
 M - a scroll of torment
 R - a scroll of poison
 S - 3 scrolls of fog
Potions
 f - 6 potions of flight
 j - 12 potions of curing
 k - 2 potions of invisibility
 n - a potion of cancellation
 t - 3 potions of heal wounds
 v - 3 potions of haste
 z - 3 potions of brilliance
 A - 2 potions of attraction
 B - 2 potions of mutation
 G - 3 potions of ambrosia
 J - 2 potions of resistance
Miscellaneous
 c - a phial of floods
 p - a lightning rod (4/4)


   Skills:
 + Level 12.7 Fighting
 - Level 13.5(14.6) Axes
 * Level 9.1(12.4) Polearms
 + Level 16.2 Armour
 + Level 15.0 Shields


You had 15 spell levels left.
You didn't know any spells.
Your spell library contained the following spells:

 Spells                   Type           Power      Damage    Failure   Level
 Beastly Appendage        Tmut           0%         N/A       99%         1
 Shock                    Conj/Air       0%         1d3       99%         1
 Cigotuvi's Dreadful Rot  Necr/Pois/Air  0%         N/A       100%        2
 Lesser Beckoning         Tloc           0%         N/A       100%        2
 Poisonous Vapours        Pois/Air       0%         N/A       100%        2
 Scorch                   Fire           0%         2d5       100%        2
 Static Discharge         Conj/Air       0%         2-2/arc   100%        2
 Wereblood                Tmut           0%         N/A       100%        2
 Gell's Gravitas          Tloc           0%         N/A       100%        3
 Mephitic Cloud           Conj/Pois/Air  0%         N/A       100%        3
 Portal Projectile        Hex/Tloc       0%         N/A       100%        3
 Spider Form              Tmut/Pois      0%         N/A       100%        3
 Swiftness                Air            0%         N/A       100%        3
 Teleport Other           Tloc           0%         N/A       100%        3
 Tukima's Dance           Hex            0%         N/A       100%        3
 Vhi's Electric Charge    Tloc/Air       0%         N/A       100%        3
 Airstrike                Air            0%         2d(0-16)  100%        4
 Flame Wave               Conj/Fire      0%         2d4       100%        4
 Arcjolt                  Conj/Air       0%         1d10      100%        5
 Blade Hands              Tmut           0%         N/A       100%        5
 Plasma Beam              Fire/Air       0%         2x1d11    100%        5
 Summon Cactus Giant      Summ           0%         N/A       100%        6


Dungeon Overview and Level Annotations

Branches:
Dungeon (15/15)            Temple (1/1) D:7            Lair (5/5) D:9
  Swamp (4/4) Lair:2       Spider (0/4) Lair:2        Slime (0/5) Lair:5
    Orc (2/2) D:11            Elf (0/3) Orc:2        Vaults (0/5) D:13
  Sewer (visited)         Gauntlet (visited)
 Depths: D:15

Altars:
Ashenzari
Cheibriados
Dithmenos
Elyvilon
Fedhas
Gozag
Hepliaklqana
Kikubaaqudgha
Makhleb
Nemelex Xobeh
Okawaru
Qazlal
Ru
Sif Muna
Trog
Uskayaw
Vehumet
Wu Jian
Xom
Yredelemnul
Zin
The Shining One
Jiyva

Shops:
D:4 *   D:8 [[   Orc:1 (   Orc:2 ((?!*

Annotations:
D:8 4 runed translucent doors
D:15 Agnes
Lair:3 2 transporters, exclusion: ice statue, olddryhag's ghost, journeyman GrFi
Swamp:3 Roxanne


Innate Abilities, Weirdness & Mutations

Your life essence is reduced to manifest your ancestor. (-10% HP)
You are completely covered in rugged brown scales. (AC +3, +7% HP)
Armour fits poorly on your strangely shaped body.
You have a long armoured tail.
You roll when moving toward enemies. (Rampage)
Your long tongue fully drains potion bottles. (2x potion effects)
Your tongue gives you trouble enunciating. (1.5x scroll delay)
You are frail. (-10% HP)


Message History

You are too injured to fight recklessly!
Unknown command.
You closely miss Agnes. Agnes hits you but does no damage.
The meliai hits you but does no damage.
The meliai barely misses pablo escobar.
You block the meliai's attack.
Agnes asks, "Have you seen my kris anywhere?"
Agnes hits you but does no damage.
You impale Agnes!!
Agnes is haunted by guilt!
Agnes is moderately wounded.
You block Agnes's attack.
The meliai barely misses pablo escobar.
The meliai hits you with a +0 war axe.
The meliai stings pablo escobar!
You block Agnes's attack.
Pablo escobar barely misses Agnes.
The meliai mumbles some strange prayers to its god against you.
Something smites you!
The meliai hits pablo escobar with a +0 war axe!
You block the meliai's attack.
The meliai stings pablo escobar!
The meliai invokes the aid of its god against you.
Something smites you!
* * * LOW HITPOINT WARNING * * *
You miss Agnes.
Agnes is moderately wounded.
Agnes hits you with a +1 lajatang of speed!
* * * LOW HITPOINT WARNING * * *
Agnes is wracked by anguish!
The meliai barely misses pablo escobar.
You block the meliai's attack.
The meliai stings pablo escobar!
The meliai mumbles some strange prayers to its god against you.
Something smites you!
* * * LOW HITPOINT WARNING * * *
Agnes hits you but does no damage.
Pablo escobar hits Agnes with a +0 quarterstaff!
You puncture Agnes!
Agnes is severely wounded.
The meliai hits you but does no damage.
The meliai hits pablo escobar with a +0 war axe!
The meliai stings you but does no damage.
The meliai drinks a potion.
The meliai seems to grow stronger.
Agnes hits you but does no damage. You block Agnes's attack.
The meliai invokes the aid of its god against you.
Something smites you!
You die...

###. ... ..# ..#
#.### . #)..####...
## #..Ryy....# ...
#..@iy...# ..
#..###..## #. #..#
# ##.# ##..#
###...##...##...
##......#.........
...###....#####...#
#......### ..
###.....## #.#


You could see the friendly pablo escobar the battlemage, Agnes (ally target,
anguished) and 3 meliai.

Vanquished Creatures
  Louise (D:14)
  An orc warlord (Orc:2)
  A stone giant (D:12)
  4 eleionomae
  A bunyip (Swamp:3)
  Snorg (D:11)
  A great orb of eyes (D:12)
  2 shambling mangroves (Swamp:4)
  The ghost of Vuvadabb the Severer, a journeyman HOMo of Beogh (Orc:1)
  A catoblepas (D:12)
  13 hydras
  4 alligators
  4 two-headed ogres
  2 centaur warriors
  5 death yaks
  A tengu warrior (D:8)
  A boulder beetle (D:11)
  A deep troll earth mage (D:12)
  Amaemon (D:8)
  A skyshark (Lair:2)
  3 spriggans
  2 death drakes
  3 goliath frogs
  A spriggan druid (Swamp:4)
  5 bog bodies
  A lindwurm (Lair:5)
  9 swamp dragons
  Pikel (D:8)
  3 orc knights
  2 harpies (D:12)
  An ugly thing (D:11)
  A deep elf pyromancer (D:14)
  3 will-o-the-wisps
  A manticore (D:13)
  A manticore (shapeshifter) (D:13)
  2 orc sorcerers (Orc:2)
  Joseph (D:8)
  2 black mambas (Lair:5)
  The ghost of tgirl the Ruffian, a novice VSTm of Uskayaw (D:7)
  6 elephants
  2 torpor snails
  11 cane toads
  A cane toad (shapeshifter) (D:13)
  An unseen horror (D:10)
  An orange demon (D:8)
  A spectral unseen horror (D:7)
  2 rime drakes
  A yaktaur (D:12)
  A kobold demonologist (D:10)
  An efreet (D:12)
  7 komodo dragons
  A yaktaur (shapeshifter) (D:13)
  4 tyrant leeches
  4 hornets
  A meliai (shapeshifter) (D:12)
  2 bloated husks (Swamp:4)
  6 trolls
  7 saltlings (Orc:2)
  14 blink frogs
  6 dream sheep
  2 slime creatures (D:12)
  3 shadows
  2 wyverns
  24 yaks
  2 vampires
  2 unseen horror simulacra (D:7)
  6 basilisks
  4 steam dragons
  2 wargs
  15 vampire mosquitoes
  8 swamp worms
  An acid dragon (D:13)
  13 water moccasins
  3 swamp drakes (Swamp:4)
  21 orc warriors
  An ice beast (D:5)
  2 black bears
  5 ogres
  A sky beast (D:8)
  9 wolves
  3 centaurs
  4 lemures (D:8)
  2 kobold brigands (D:8)
  A scorpion (D:6)
  16 bullfrogs
  A gnoll sergeant (D:8)
  12 wights
  7 electric eels
  3 howler monkeys
  6 hounds
  12 orc priests
  3 jellies
  4 gnoll boudas
  2 sleepcaps
  5 iguanas
  21 orc wizards
  3 hell rats (Lair:3)
  Terence (D:3)
  A centaur simulacrum (D:7)
  A howler monkey skeleton (D:7)
  9 adders
  10 gnolls
  A howler monkey zombie (D:7)
  2 river rats (Lair:3)
  3 shadow imps
  2 white imps
  2 dart slugs
  57 orcs
  5 bats
  9 endoplasms
  13 giant cockroaches
  9 goblins
  7 hobgoblins
  2 jackals (D:2)
  15 quokkas
  16 ball pythons
  11 frilled lizards
  10 kobolds
  15 rats
  A withered plant (D:12)
603 creatures vanquished.

Vanquished Creatures (collateral kills)
  Donald (Swamp:1)
  Aizul (Swamp:1)
  An eleionoma (Swamp:3)
  3 hydras
  A boulder beetle (D:11)
  An alligator (Swamp:2)
  2 death yaks
  A skyshark (Lair:4)
  2 spriggans (Swamp:4)
  2 goliath frogs (Swamp:2)
  A harpy (D:12)
  A manticore (D:11)
  An orc sorcerer (Orc:2)
  A wolf spider (Lair:2)
  2 black mambas
  A slime creature (D:12)
  5 elephants
  2 cane toads
  2 komodo dragons
  2 rime drakes
  6 trolls
  A tyrant leech (Swamp:2)
  2 polar bears
  5 blink frogs
  A saltling (Orc:2)
  4 hornets
  A dream sheep (Lair:4)
  A shadow (D:12)
  5 yaks
  A wyvern (Lair:3)
  A basilisk (D:12)
  3 vampire mosquitoes (D:13)
  A warg (Orc:2)
  3 swamp worms
  6 water moccasins
  4 orc warriors
  5 swamp drakes (Swamp:4)
  An ogre (Orc:1)
  3 wolves
  2 bullfrogs (Lair:4)
  3 wights
  A howler monkey (D:11)
  6 orc priests
  4 orc wizards
  2 gnolls (Orc:2)
  A river rat (Lair:3)
  14 orcs
  A rat (Lair:3)
121 creatures vanquished.

Vanquished Creatures (others)
  A thorn hunter (Swamp:4)
  An eleionoma (Swamp:4)
  A bunyip (Swamp:1)
  2 hydras
  5 alligators
  An orc high priest (Orc:2)
  2 orc knights
  A manticore (D:13)
  A komodo dragon (D:12)
  A troll (Orc:2)
  2 bloated husks
  A wind drake (shapeshifter) (D:13)
  A hornet (Swamp:3)
  2 orc warriors (Orc:2)
  13 battlemagi
  2 ancestors
  A bush (D:6)
  22 foxfires
  8 fungi
  8 pillars of salt (Orc:2)
  65 plants
141 creatures vanquished.

Grand Total: 865 creatures vanquished

Notes
Turn   | Place    | Note
-------+----------+-------------------------------------------
     0 | D:1      | retardedninja the Armataur Fighter began the quest for the
                  | Orb.
     0 | D:1      | Reached XP level 1. HP: 19/19 MP: 1/1
    81 | D:1      | Reached XP level 2. HP: 26/26 MP: 2/2
   357 | D:1      | Reached skill level 4 in Armour
   360 | D:1      | Reached XP level 3. HP: 25/32 MP: 3/3
   857 | D:2      | Found a stormy altar of Qazlal.
  1446 | D:2      | Reached XP level 4. HP: 36/40 MP: 4/4
  1692 | D:2      | Found a faded altar of an unknown god.
  1905 | D:3      | Noticed Terence
  1921 | D:3      | Killed Terence
  2241 | D:3      | Found a glowing drain.
  2257 | Sewer    | Entered a sewer
  2319 | Sewer    | Reached XP level 5. HP: 47/48 MP: 5/5
  2486 | Sewer    | HP: 1/48 [bullfrog (4)]
  2499 | Sewer    | Reached skill level 5 in Armour
  2499 | Sewer    | Reached XP level 6. HP: 23/54 MP: 6/6
  3135 | D:3      | Found a shimmering blue altar of Sif Muna.
  4036 | D:4      | Found Xizair's Assorted Antiques.
  4686 | D:5      | Entered Level 5 of the Dungeon
  4777 | D:5      | Reached XP level 7. HP: 56/62 MP: 7/7
  4883 | D:5      | Reached skill level 5 in Shields
  4938 | D:5      | Reached skill level 6 in Armour
  5323 | D:5      | Reached skill level 5 in Axes
  5375 | D:5      | Identified the ring "Ille" {rCorr Int+3 Slay+2 Stlth+}
  5426 | D:5      | Reached XP level 8. HP: 71/71 MP: 8/8
  6007 | D:6      | Found an ornate altar of the Wu Jian Council.
  6038 | D:6      | Found a blossoming altar of Fedhas.
  6496 | D:6      | Reached skill level 5 in Fighting
  6871 | D:6      | Reached skill level 7 in Armour
  7582 | D:7      | Reached XP level 9. HP: 74/79 MP: 9/9
  7643 | D:7      | Found a staircase to the Ecumenical Temple.
  7724 | Temple   | Entered the Ecumenical Temple
  7923 | Temple   | Became a worshipper of Hepliaklqana the Forgotten
  8149 | D:7      | Found a runed translucent gate.
  8149 | D:7      | Found a runed translucent gate.
  8149 | D:7      | Found a runed translucent gate.
  8307 | D:7      | Noticed a spectral unseen horror
  8309 | D:7      | Noticed tgirl's ghost (novice VSTm)
  8325 | D:7      | Killed tgirl's ghost
  8328 | D:7      | Reached skill level 8 in Armour
  8330 | D:7      | Killed a spectral unseen horror
  8499 | D:8      | Noticed Pikel
  8515 | D:8      | Killed Pikel
  8959 | D:8      | Found Heinrich's Dragon-Slaying Spoils.
  9068 | D:8      | Noticed Amaemon
  9069 | D:8      | Noticed an orange demon
  9091 | D:8      | Killed Amaemon
  9092 | D:8      | Reached XP level 10. HP: 77/89 MP: 10/10
  9124 | D:8      | Killed an orange demon
  9628 | D:8      | Found Atuohudo's Armour Shop.
 10013 | D:8      | Reached skill level 9 in Armour
 11823 | D:8      | Found a large runed translucent door.
 11824 | D:8      | Noticed a two-headed ogre
 11825 | D:8      | Found a large runed translucent door.
 11836 | D:8      | Found a large runed translucent door.
 11836 | D:8      | Found a large runed translucent door.
 11999 | D:8      | Noticed a tengu warrior
 12018 | D:8      | Killed a tengu warrior
 12215 | D:8      | Noticed Joseph
 12227 | D:8      | Killed Joseph
 12316 | D:8      | Noticed a centaur warrior
 12328 | D:8      | Killed a centaur warrior
 12329 | D:8      | Reached XP level 11. HP: 32/98 MP: 11/11
 12942 | D:8      | Noticed a six-headed hydra
 13051 | D:9      | Reached * piety under Hepliaklqana
 13094 | D:9      | Found a sacrificial altar of Ru.
 13146 | D:9      | Reached skill level 10 in Armour
 13352 | D:9      | Found a staircase to the Lair.
 13851 | D:10     | Entered Level 10 of the Dungeon
 13888 | D:10     | Found an iron altar of Okawaru.
 13949 | D:10     | Reached ** piety under Hepliaklqana
 14931 | D:10     | Identified the staff of earth "Ynirev" {*Slow rN+ Will+}
 15264 | Lair:1   | Entered Level 1 of the Lair of Beasts
 15307 | Lair:1   | Reached skill level 10 in Axes
 15492 | Lair:1   | Reached *** piety under Hepliaklqana
 15552 | Lair:1   | Noticed a death yak
 15563 | Lair:1   | Noticed a death yak
 15566 | Lair:1   | Killed a death yak
 15575 | Lair:1   | Killed a death yak
 15576 | Lair:1   | Reached skill level 10 in Shields
 15613 | Lair:1   | Noticed a death yak
 16192 | Lair:1   | Remembered your ancestor pablo escobar as a battlemage
 16204 | Lair:1   | Reached skill level 11 in Armour
 16209 | Lair:1   | Killed a death yak
 16364 | Lair:1   | You fall into a shaft and drop 1 floor!
 16411 | Lair:2   | Reached XP level 12. HP: 32/99 MP: 12/12
 16691 | Lair:2   | Found a gate leading to a gauntlet.
 16706 | Gauntlet | Entered a Gauntlet
 16706 | Gauntlet | Found a transporter.
 16711 | Gauntlet | Noticed a catoblepas
 16801 | Gauntlet | Found a transporter.
 16811 | Gauntlet | Found a transporter.
 16816 | Gauntlet | Found a transporter.
 16828 | Gauntlet | Noticed an entropy weaver
 16833 | Gauntlet | Found a transporter.
 16851 | Gauntlet | Found a transporter.
 16863 | Gauntlet | Found a transporter.
 16872 | Gauntlet | Noticed a quicksilver ooze
 16875 | Gauntlet | Found a transporter.
 16887 | Gauntlet | Found a transporter.
 16902 | Gauntlet | Found a transporter.
 16903 | Gauntlet | Noticed a hell hog
 16916 | Gauntlet | Found a transporter.
 16934 | Gauntlet | Found a transporter.
 16936 | Gauntlet | Found a transporter.
 16961 | Gauntlet | Found a transporter.
 16963 | Gauntlet | Found a transporter.
 16983 | Gauntlet | Found a transporter.
 17061 | Gauntlet | Found a transporter.
 17081 | Gauntlet | Found a transporter.
 17387 | Lair:2   | Found a staircase to the Swamp.
 17424 | Lair:2   | Reached **** piety under Hepliaklqana
 17427 | Lair:2   | Found a hole to the Spider Nest.
 18565 | Lair:1   | Identified a scroll of acquirement
 18567 | Lair:1   | Acquired 1345 gold pieces
 18681 | D:8      | Bought the +11 gold dragon scales of the Quiescent Worm
                  | {Rampage *Slow rPois rF+ rC+ Dex+7 Stlth+} for 1747 gold
                  | pieces
 18860 | Lair:3   | Found a transporter.
 18971 | Lair:3   | Reached ***** piety under Hepliaklqana
 19160 | Lair:3   | Noticed a death yak
 19174 | Lair:3   | Killed a death yak
 19176 | Lair:3   | Reached skill level 12 in Armour
 19340 | Lair:3   | Noticed olddryhag's ghost (journeyman GrFi)
 19546 | Lair:3   | Found a transporter.
 20298 | Lair:4   | Reached XP level 13. HP: 108/108 MP: 13/13
 20694 | Lair:5   | Entered Level 5 of the Lair of Beasts
 20830 | Lair:5   | Found a staircase to the Slime Pits.
 20830 | Lair:5   | Found a viscous altar of Jiyva.
 20924 | Lair:4   | Reached skill level 10 in Fighting
 20956 | Lair:5   | Reached skill level 13 in Armour
 21085 | Lair:5   | Found a hide-covered altar of Uskayaw.
 21303 | Lair:5   | Identified the +4 trident "Laraqodit" {elec, rN+}
 21900 | D:11     | Found a staircase to the Orcish Mines.
 22071 | D:11     | Noticed Snorg
 22079 | D:11     | Killed Snorg
 22080 | D:11     | Reached XP level 14. HP: 118/118 MP: 14/14
 22582 | Orc:1    | Entered Level 1 of the Orcish Mines
 22651 | Orc:1    | Reached ****** piety under Hepliaklqana
 22797 | Orc:1    | Found a runed translucent door.
 22797 | Orc:1    | Noticed Vuvadabb's ghost (journeyman HOMo)
 22856 | Orc:1    | Found Fygurott's Weapon Shoppe.
 22885 | Orc:1    | Bought the +8 trishula "Condemnation" {holy, anguish,
                  | *Noise Fly rN+} for 1029 gold pieces
 22885 | Orc:1    | Found the +8 trishula "Condemnation" {holy, anguish, *Noise
                  | Fly rN+}
 23092 | Orc:1    | Killed Vuvadabb's ghost
 23093 | Orc:1    | Reached skill level 1 in Polearms
 23111 | Orc:2    | Entered Level 2 of the Orcish Mines
 23291 | Orc:2    | Gained mutation: You are frail. (-10% HP) [a neqoxec]
 23292 | Orc:2    | Reached skill level 14 in Armour
 23341 | Orc:2    | Found Moimayn's Antique Weapon Boutique.
 23608 | Orc:2    | Found a staircase to the Elven Halls.
 23984 | Orc:2    | Found Miybbota's Assorted Antiques.
 24017 | Orc:2    | Found Daczupn's Magic Scroll Boutique.
 24027 | Orc:2    | Found Pamiosm's Distillery.
 24095 | Orc:2    | Found Zeiluc's Weapon Shop.
 24095 | Orc:2    | Noticed an orc warlord
 24110 | Orc:2    | Killed an orc warlord
 24430 | Swamp:1  | Entered Level 1 of the Swamp
 24441 | Swamp:1  | Noticed Donald
 24452 | Swamp:1  | Killed Donald
 24887 | Swamp:1  | Noticed Aizul
 24903 | Swamp:1  | Killed Aizul
 25599 | Swamp:2  | Reached skill level 5 in Polearms
 25967 | Swamp:2  | Reached XP level 15. HP: 94/113 MP: 15/15
 26196 | Swamp:3  | Reached skill level 15 in Armour
 26952 | Swamp:3  | Noticed Roxanne
 27217 | Swamp:4  | Entered Level 4 of the Swamp
 27852 | Swamp:4  | Noticed a thorn hunter
 28125 | Swamp:4  | Killed a thorn hunter
 28453 | Swamp:4  | Got a decaying rune of Zot
 29012 | D:12     | Identified the +1 leather armour of the Forest {+Blink +Inv
                  | MP-9 Stlth+}
 29117 | D:12     | Reached skill level 16 in Armour
 29259 | D:12     | Reached XP level 16. HP: 122/122 MP: 16/16
 30145 | D:13     | Found a gate to the Vaults.
 30415 | D:14     | Noticed Louise
 30430 | D:14     | Killed Louise
 30431 | D:14     | Reached skill level 15 in Shields
 30919 | D:14     | Found a shadowy altar of Dithmenos.
 30956 | D:15     | Entered Level 15 of the Dungeon
 31030 | D:15     | Noticed Agnes
 31036 | D:15     | HP: 4/122 [meliai/divine providence (12)]
 31037 | D:15     | Killed from afar by a meliai

Illustrated notes

Levels and vault maps discovered:
D:1:      enne_arrival_octagon_isle, layout_basic
D:2:      layout_loops_ring, basic_altar, shapermc_ecumenical_altar_mp_vishouse,
          cheibrodos_gnoll_hut
D:3:      layout_loops_ring, nicolae_sif_muna_condensation,
          gup_sewer_entry_pipe, uniq_terence
D:4:      layout_gridville, serial_shops, nicolae_diamond_shop,
          nicolae_grassy_gnolls
D:5:      layout_basic
D:6:      layout_cave_pods, chequers_temple_overflow_statue_of_worship,
          kb_lookout_dungeons_type
D:7:      layout_rooms, minmay_temple_entry_tees, gammafunk_ghost_necromancy
D:8:      layout_loops_cross, nicolae_inconvenience_store, minivault_4,
          nicolae_shop_dragon_depot, minmay_hollow_rounded_squares,
          uniq_amaemon, uniq_joseph, uniq_pikel
D:9:      layout_long_grid, nicolae_ru_great_annihilating_truth,
          david_lair_shrubbed
D:10:     layout_layer_cave, mainiacjoe_overflow_chevrons,
          minmay_misc_feat_more_columns, nicolae_figureground_sparkle
D:11:     layout_long_grid, orc_0_dummy, uniq_snorg
D:12:     minmay_diamond_stairs, layout_gridville, argonaut_gorgonesque
D:13:     layout_loops_ring, david_vaults_2
D:14:     layout_basic, grunt_dithmenos_shadows, uniq_louise
D:15:     grunt_enter_depths_magical_seal, layout_layer_cave,
          hangedman_decor_growths, uniq_agnes, uniq_kirke
Temple:   minmay_crystal_spiral_temple
Lair:1:   layout_regular_city, serial_rivers, chequers_serial_rivers_large_a,
          chequers_serial_rivers_micro_e, chequers_serial_rivers_marsh,
          chequers_serial_rivers_room_b, grunt_megastairs_5
Lair:2:   layout_hall_layers, minmay_swamp_entry_reptiles,
          spider_nest_entry_rubble, gauntlet_entry_generic, serial_bayou_shore_a
Lair:3:   layout_gridlike, lightli_volcano_entry_magma_tube, nzn_ghost_randoct,
          kennysheep_abandoned_house
Lair:4:   layout_hall_layers
Lair:5:   hangedman_lair_in_review, layout_cave_shapes, slime_entry_1,
          basic_altar, infiniplex_staircase_pool
Swamp:1:  layout_basic_swamp, evilmike_swamp_ruin_wall, swamp_pool1,
          uniq_donald, uniq_aizul
Swamp:2:  layout_basic_swamp, nicolae_swamp_tree_isthmus, swamp_pool1
Swamp:3:  layout_falls_marsh, serial_swamp_ruin, evilmike_swamp_ruin_house_1,
          evilmike_swamp_ruin_rubble_2, evilmike_swamp_ruin_house_3,
          uniq_roxanne
Swamp:4:  swamp, layout_basic_swamp, swamp_pool3, nicolae_swamp_super_fun_site
Orc:1:    layout_caves, serial_shops, nicolae_shop_advertising_works
          [nicolae_subvault_shop_adworks], gammafunk_ghost_grave,
          nicolae_orc_lava_room
Orc:2:    hellmonk_orc_salted, layout_diamond_mine, serial_shops,
          nicolae_shop_statue_plus

Skill      XL: |  1  2  3  4  5  6  7  8  9 10 11 12 13 14 15 16 |
---------------+-------------------------------------------------+-----
Axes           | 2 3 4 5 6 8 9 10 12 13 | 13.5
Armour         | 4 5 6 7 8 9 11 12 13 14 16 | 16.2
Fighting       | 3 4 5 6 7 8 9 10 11 12 | 12.7
Shields        | 4 5 6 8 9 10 11 12 13 14 15 | 15.0
Polearms       | 5 8 9 |  9.1

Action                     |  1- 3 |  4- 6 |  7- 9 | 10-12 | 13-15 | 16-18 || total
---------------------------+-------+-------+-------+-------+-------+-------++-------
  Melee: War axe           |   108 |   176 |   219 |   394 |   224 |       ||  1121
         Tailslap          |     9 |    11 |    22 |    53 |   130 |    17 ||   242
         Trishula          |       |       |       |       |   547 |   116 ||   663
  Throw: Boomerang         |       |    12 |     7 |     3 |       |       ||    22
 Invoke: Recall Ancestor   |       |       |       |     1 |     1 |       ||     2
         Ancestor Life: Ba |       |       |       |     1 |       |       ||     1
         Ancestor Identity |       |       |       |     1 |       |       ||     1
  Evoke: Wand              |       |       |     5 |    20 |     1 |       ||    26
         Phial of floods   |       |       |       |     1 |     1 |       ||     2
         Lightning rod     |       |       |       |       |     7 |       ||     7
    Use: Potion            |       |     4 |     8 |     4 |     7 |       ||    23
         Scroll            |       |     1 |    17 |    11 |    13 |       ||    42
   Stab: Distracted        |       |       |       |     7 |    17 |     2 ||    26
         Paralysed         |       |       |       |     1 |       |       ||     1
         Invisible         |       |       |       |       |     2 |       ||     2
 Armour: Scale mail        |    36 |       |       |       |       |       ||    36
         Plate armour      |    32 |   160 |   182 |   234 |       |       ||   608
         Skin              |       |    34 |    18 |    18 |       |       ||    70
         Gold dragon scale |       |       |       |    60 |   676 |    94 ||   830
  Dodge: Dodged            |    41 |    49 |    70 |    82 |   146 |    16 ||   404
  Block: Buckler           |    23 |    54 |    56 |    29 |       |       ||   162
         Kite shield       |       |       |       |   174 |   543 |    63 ||   780

Table legend: (Time is in decaauts)
 A = Elapsed time spent in this place.
 B = Non-inter-level travel time spent in this place.
 C = Inter-level travel time spent in this place.
 D = Time resting spent in this place.
 E = Time spent auto-exploring this place.
 F = Levels seen in this place.
 G = Mean time per level.
                   A        B        C        D        E       F      G
               +--------+--------+--------+--------+--------+-----+--------+
         Total |  31145 |  29557 |   1588 |   8375 |  16755 |  29 | 1074.0 |
       Dungeon |  17815 |  16955 |    860 |   5194 |   9358 |  15 | 1187.7 |
        Temple |    212 |    129 |     83 |      0 |    111 |   1 |  212.0 |
          Lair |   6069 |   5617 |    452 |    946 |   3844 |   5 | 1213.8 |
         Swamp |   4146 |   4027 |    119 |   1580 |   1849 |   4 | 1036.5 |
  Orcish Mines |   1711 |   1639 |     72 |    139 |   1187 |   2 |  855.5 |
         Sewer |    741 |    741 |      0 |    434 |    113 |   1 |  741.0 |
      Gauntlet |    448 |    448 |      0 |     81 |    293 |   1 |  448.0 |
               +--------+--------+--------+--------+--------+-----+--------+

Top non-repeatable levels by time:
     D:8: 4610 daAuts
  Lair:1: 1775 daAuts
     D:6: 1771 daAuts
 Swamp:3: 1653 daAuts
    D:10: 1434 daAuts
     D:3: 1399 daAuts
  Lair:2: 1315 daAuts
     D:2: 1198 daAuts
   Orc:2: 1183 daAuts
     D:5: 1155 daAuts
     D:9: 1138 daAuts
 Swamp:1: 1070 daAuts
  Lair:5: 1044 daAuts
    D:12: 997 daAuts
  Lair:4: 969 daAuts
